 Dungeon Crawl Stone Soup version 0.30-a0-168-g0b976cbdc4 (webtiles) character file.

Game seed: 4172458068319242325

5065 NinjaNoafa the Thaumaturge (level 10, -3/72 HPs)
             Began as a Djinni Hedge Wizard on Sept 29, 2022.
             Was an Initiate of Gozag.
             Shot with an arrow by a centaur warrior (16 damage)
             ... on level 9 of the Dungeon.
             The game lasted 00:36:42 (11761 turns).

NinjaNoafa the Thaumaturge (Djinni Hedge Wizard)   Turns: 11761, Time: 00:36:42

Health: -3/72      AC:  7    Str:  9    XL:     10   Next: 86%
Gold:   663        EV: 13    Int: 26    God:    Gozag SH:  0 Dex: 13

rFire   + + +      SeeInvis .    H - +5 falchion (vorpal)
rCold   x . .      Faith    .    (no shield)
rNeg    . . .      Spirit   .    x - +0 robe {rF+}
rPois   ∞          Reflect  .    z - +0 helmet
rElec   .          Harm     .    (no cloak)
rCorr   .          Rampage  .    (no gloves)
Will    +....                    (boots unavailable)
Stlth   +++.......               A - amulet of regeneration
HPRegen 1.02/turn                G - +4 ring of protection
MPRegen 0.00/turn                N - +6 ring of intelligence

@: flying
A: sickness immunity, fire resistance 2, cold vulnerability 1, float, innate
caster, HP casting, extra vitality 1
a: Renounce Religion, Potion Petition, Call Merchant, Bribe Branch


You were on level 9 of the Dungeon.
You worshipped Gozag.
Gozag was pleased with you.
You visited 2 branches of the dungeon, and saw 10 of its levels.
You also visited: Ossuary.

You collected 1652 gold pieces.
You spent 924 gold pieces at shops.
You paid 65 gold pieces to Gozag.

Inventory:

Hand Weapons
 H - a +5 vorpal falchion (weapon)
Missiles
 h - 37 poisoned darts
 o - a throwing net
 q - 96 stones
 B - 5 javelins
 D - a curare-tipped dart
 F - 7 boomerangs
 L - 3 atropa-tipped darts
Armour
 x - a +0 robe of fire resistance (worn)
 z - a +0 helmet (worn)
Magical Staves
 k - a staff of earth
Jewellery
 p - a ring of protection from fire
 t - a +4 ring of protection
 w - a ring of positive energy
 A - an amulet of regeneration (around neck)
 G - a +4 ring of protection (left hand)
 M - a +4 ring of slaying
 N - a +6 ring of intelligence (right hand)
Wands
 i - a wand of flame (10)
Scrolls
 a - 5 scrolls of teleportation
 f - 2 scrolls of poison
 g - a scroll of vulnerability
 l - a scroll of noise
 s - 2 scrolls of fear
 u - 2 scrolls of summoning
 v - 2 scrolls of immolation
 y - 3 scrolls of blinking {unknown}
 C - a scroll of amnesia {unknown}
 E - a scroll of enchant armour {unknown}
 J - 2 scrolls of butterflies {unknown}
Potions
 c - a potion of degeneration {unknown}
 d - 4 potions of heal wounds
 e - 2 potions of might {unknown}
 j - 2 potions of haste {unknown}
 m - 2 potions of ambrosia {unknown}
 n - 6 potions of curing
 r - 2 potions of invisibility {unknown}
 I - a potion of cancellation {unknown}
 K - a potion of mutation {unknown}


   Skills:
 + Level 6.3 Fighting
 - Level 2.3(2.9) Short Blades
 - Level 2.4(3.0) Long Blades
 - Level 1.0 Armour
 + Level 4.4 Dodging
 - Level 5.0 Stealth
 - Level 9.0 Spellcasting
 + Level 2.8 Evocations


You had 6 spell levels left.
You knew the following spells:

 Your Spells              Type           Power      Damage    Failure   Level
a - Magic Dart            Conj           100%       1d8       1%          1
b - Slow                  Hex            100%       N/A       1%          1
c - Blink                 Tloc           100%       N/A       1%          2
d - Call Imp              Summ           55%        N/A       1%          2
e - Cigotuvi's Dreadful   Necr/Pois/Air  100%       N/A       1%          2
f - Mephitic Cloud        Conj/Pois/Air  55%        N/A       1%          3
g - Kiss of Death         Conj/Necr      100%       2d13      1%          1
h - Searing Ray           Conj           100%       2d8       1%          2
i - Inner Flame           Hex/Fire       55%        N/A       1%          3
j - Iskenderun's Mystic   Conj/Tloc      55%        2d12      1%          4
Your spell library was empty.

Dungeon Overview and Level Annotations

Branches:
Dungeon (9/15)             Temple (1/1) D:4         Ossuary (visited)
   Lair: D:8-11         Orc: D:9-12

Altars:
Ashenzari
Cheibriados
Dithmenos
Elyvilon
Fedhas
Gozag
Hepliaklqana
Makhleb
Nemelex Xobeh
Okawaru
Qazlal
Ru
Trog
Uskayaw
Wu Jian
Xom
Yredelemnul
Zin
The Shining One

Shops:
D:3 =   D:4 =


Innate Abilities, Weirdness & Mutations

You are immune to sickness and miasma.
You are immune to poison.
Your flesh is very heat resistant. (rF++)
You are vulnerable to cold. (rC-)
You float through the air rather than walking.
You learn spells naturally, not from books.
Your magical power is your life essence.
You have superior vitality. (+4 MHP)


Message History

Aiming: Slow (safe; 1% risk of failure)
Press: ? - help, Shift-Dir - straight line, f - centaur warrior
Aim: a centaur warrior (wandering, hasn't noticed you, chance to affect: 47%)
The centaur warrior shouts!
The centaur warrior resists with some effort.
You hear a shout!
The centaur warrior wields a +3 shortbow.
The centaur warrior shoots an arrow.
The arrow closely misses you.
The centaur warrior shoots an arrow.
The arrow barely misses you.
You hear a shout! x2
Casting: Slow (safe; 1% risk of failure)
Confirm with . or Enter, or press ? or * to list all spells.
Aiming: Slow (safe; 1% risk of failure)
Press: ? - help, Shift-Dir - straight line, f/p - centaur warrior
Aim: a centaur warrior, wielding a +3 shortbow (chance to affect: 47%)
The centaur warrior resists with some effort.
The centaur warrior shoots an arrow.
The arrow hits you!
You hear a bellow!
You hear a shout!
Casting: Slow (safe; 1% risk of failure)
Confirm with . or Enter, or press ? or * to list all spells.
Aiming: Inner Flame (safe; 1% risk of failure)
Press: ? - help, Dir - move target, f/p - centaur warrior
Aim: a centaur warrior, wielding a +3 shortbow (chance to affect: 86%)
The centaur warrior is filled with an inner flame.
The centaur warrior shoots an arrow.
The arrow hits you!
The centaur warrior shoots an arrow.
The arrow hits you.
The magic dart hits the centaur warrior.
Flame seeps out of the centaur warrior.
The centaur warrior is lightly wounded.
The centaur warrior is engulfed in blazing flames.
Flame seeps out of the centaur warrior.
The centaur warrior shoots an arrow.
The arrow hits you!!
* * * LOW HITPOINT WARNING * * *
You are too injured to fight recklessly!
You are too injured to fight recklessly!
The centaur warrior is engulfed in blazing flames.
Flame seeps out of the centaur warrior.
The centaur warrior shoots an arrow.
The arrow hits you!
You die...
Your body crumbles into a pile of gold.

######+##.' $
.' #.......#.#
#c# #.......#.#
... $
#.......#.#
#'##
#.......#.#⌠...
$$$
#.......#.#..#
$ $$$
#.......#.'.#
$$$ #.....<...#
$ $$$
#######..@# $$$
#.#.# #.#.#
#.#$# #.#.'
#.#.# #.#.#
#.#.# #.#


You could see a centaur warrior (inner flame).

Vanquished Creatures
  The ghost of WillowTheWall the Conjurer, a novice DECj of Vehumet (D:5)
  A polar bear (D:8)
  A shadow (D:9)
  2 ice beasts (D:7)
  2 black bears (D:6)
  2 sky beasts (D:8)
  A wolf (D:8)
  7 centaurs
  2 phantoms
  3 elf zombies (Ossuary)
  2 kobold brigands
  5 bullfrogs
  A necrophage (D:6)
  2 scorpions (D:6)
  4 wights (D:8)
  8 killer bees (D:8)
  6 howler monkeys
  An electric eel (D:8)
  3 centaur zombies (Ossuary)
  A crimson imp (D:6)
  6 hounds
  5 human zombies (Ossuary)
  2 orc priests (D:4)
  A gnoll bouda (D:8)
  2 iguanas
  4 orc wizards
  4 mummies
  Robin (D:4)
  10 adders
  22 gnolls
  A river rat (D:5)
  A shadow imp (D:6)
  4 white imps (D:8)
  4 ufetubi
  4 worms
  7 dart slugs
  20 orcs
  2 endoplasms
  4 giant cockroaches
  6 hobgoblins
  3 jackals (D:5)
  17 kobolds
  3 quokkas
  7 ball pythons
  2 bats
  7 frilled lizards
  21 goblins
  8 rats
233 creatures vanquished.

Vanquished Creatures (collateral kills)
  A scorpion (D:4)
  A centaur zombie (Ossuary)
  2 hounds (D:5)
  A gnoll bouda (Temple)
  An orc wizard (D:4)
  A gnoll (D:8)
  An endoplasm (D:3)
  2 giant cockroaches (D:4)
  A goblin (D:4)
  A jackal (D:5)
  A frilled lizard (D:3)
  2 rats (D:4)
15 creatures vanquished.

Vanquished Creatures (others)
  20 plants (D:8)
20 creatures vanquished.

Grand Total: 268 creatures vanquished

Notes
Turn   | Place    | Note
-------+----------+-------------------------------------------
     0 | D:1      | NinjaNoafa the Djinni Hedge Wizard began the quest for the
                  | Orb.
     0 | D:1      | NinjaNoafa set off with the following spells memorised:
                  | Magic Dart, Slow, Blink, Call Imp, Cigotuvi's Dreadful Rot,
                  | Mephitic Cloud.
     0 | D:1      | Reached XP level 1. HP: 15/15 MP: 0/0
   100 | D:1      | Reached XP level 2. HP: 7/21 MP: 0/0
   322 | D:1      | Reached skill level 3 in Spellcasting
   884 | D:1      | You are sucked into a shaft and drop 1 floor!
  1027 | D:2      | Reached XP level 3. HP: 23/25 MP: 0/0
  1027 | D:2      | Learned a level 1 spell: Kiss of Death
  1829 | D:2      | Reached XP level 4. HP: 11/28 MP: 0/0
  2529 | D:3      | Found Cuptum's Jewellery Emporium.
  2562 | D:3      | Reached skill level 4 in Spellcasting
  2886 | D:3      | Reached XP level 5. HP: 32/35 MP: 0/0
  2886 | D:3      | Learned a level 2 spell: Searing Ray
  3643 | D:3      | Found an iron altar of Okawaru.
  3827 | D:4      | Found a staircase to the Ecumenical Temple.
  3834 | Temple   | Entered the Ecumenical Temple
  4032 | Temple   | Became a worshipper of Gozag Ym Sagoz the Greedy
  4059 | Temple   | Reached XP level 6. HP: 6/40 MP: 0/0
  4346 | Temple   | Reached skill level 5 in Spellcasting
  4351 | Temple   | Reached skill level 1 in Fighting
  5108 | D:4      | Found Jeddidd's Jewellery Emporium.
  5123 | D:4      | Reached XP level 7. HP: 39/50 MP: 0/0
  5123 | D:4      | Learned a level 3 spell: Inner Flame
  5347 | D:4      | Noticed Robin
  5378 | D:4      | Killed Robin
  6532 | D:4      | Found a basalt altar of Yredelemnul.
  6705 | D:5      | Entered Level 5 of the Dungeon
  6750 | D:3      | Bought an amulet of regeneration for 420 gold pieces
  6779 | D:5      | Reached XP level 8. HP: 51/53 MP: 0/0
  6804 | D:5      | Reached skill level 6 in Spellcasting
  6892 | D:5      | Found a runed translucent door.
  6892 | D:5      | Noticed WillowTheWall's ghost (novice DECj)
  7247 | D:5      | Found a runed translucent door.
  7864 | D:5      | Killed WillowTheWall's ghost
  7865 | D:5      | Reached skill level 7 in Spellcasting
  7978 | D:6      | Reached skill level 1 in Armour
  8026 | D:6      | Found a sacrificial altar of Ru.
  8147 | D:6      | Reached skill level 1 in Short Blades
  8147 | D:6      | Reached XP level 9. HP: 45/61 MP: 0/0
  8147 | D:6      | Learned a level 4 spell: Iskenderun's Mystic Blast
  8223 | D:6      | Found a shimmering altar of Xom.
  8248 | D:6      | Found a burning altar of Makhleb.
  8939 | D:7      | Reached skill level 1 in Long Blades
  9016 | D:7      | Found a sand-covered staircase.
  9034 | Ossuary  | Entered an ossuary
  9085 | Ossuary  | Reached skill level 5 in Fighting
  9162 | Ossuary  | Reached skill level 5 in Stealth
  9413 | D:7      | Reached XP level 10. HP: 66/70 MP: 0/0
  9433 | D:7      | Reached skill level 8 in Spellcasting
  9662 | D:3      | Bought a +6 ring of intelligence for 504 gold pieces
  9993 | D:7      | Found a sparkling altar of Nemelex Xobeh.
 10171 | D:7      | Found an ornate altar of the Wu Jian Council.
 10908 | D:8      | Reached skill level 9 in Spellcasting
 10956 | D:8      | Reached skill level 1 in Evocations
 11751 | D:9      | Noticed a centaur warrior
 11761 | D:9      | Shot with an arrow by a centaur warrior

Illustrated notes

Levels and vault maps discovered:
D:1:      dpeg_arrival_rhombus, layout_rooms,
          dilly_ecumenical_altar_fadedgnrine, corexii_item_surrounded_by_moat,
          chequers_serial_rivers_large_b
D:2:      kennysheep_six_static_rooms, layout_basic
D:3:      layout_rooms, lemuel_coloured_pillars_altar, serial_shops,
          nicolae_shop_waterfront
D:4:      layout_basic, general_overflow_altar, minmay_temple_entry_arrows,
          portal_sewer_entry_c, serial_shops, nicolae_shop_advertising_works
          [nicolae_subvault_shop_adworks], uniq_robin
D:5:      layout_layer_cave, ebering_ghost_sewer_f
D:6:      layout_cave_pools, grunt_temple_overflow_champion_of_chaos,
          mainiacjoe_overflow_chevrons
D:7:      layout_layer_cave, mainiacjoe_overflow_six_doors_small,
          lemuel_tele_altar, gup_ossuary_entry_pyramid, centaur_isle
D:8:      layout_gridville, serial_ice, serial_ice_o, serial_ice_i,
          serial_ice_e, serial_ice_g, serial_bayou_lagoon_b
D:9:      minmay_the_grid_square_5x5_4x4 [minmay_the_grid_square_5x5_eight,
          minmay_the_grid_square_5x5_shrine2,
          minmay_the_grid_square_5x5_intrusive_squares,
          minmay_the_grid_square_5x5_n, minmay_the_grid_square_5x5_two,
          minmay_the_grid_square_5x5_prize_open,
          minmay_the_grid_square_5x5_prize_waves,
          minmay_the_grid_square_5x5_dogpile, minmay_the_grid_square_5x5_mess,
          minmay_the_grid_square_5x5_prize_gold,
          minmay_the_grid_square_5x5_prize_snowflake,
          minmay_the_grid_square_5x5_two_walls_a,
          minmay_the_grid_square_5x5_one_wall, minmay_the_grid_square_5x5_plus,
          minmay_the_grid_square_5x5_bracketed,
          minmay_the_grid_square_5x5_inverted_slash], layout_basic, orc_david_3
Temple:   eino_wide_crystal_templ

Skill      XL: |  1  2  3  4  5  6  7  8  9 10 |
---------------+-------------------------------+-----
Spellcasting   | 3 4 5 7 9 |  9.0
Fighting       | 3 5 6 |  6.3
Stealth        | 2 3 5 |  5.0
Dodging        | 3 4 |  4.4
Armour         | 1 |  1.0
Short Blades   | 1 2 |  2.3
Long Blades    | 2 |  2.4
Evocations     | 2 |  2.8

Action                   |  1- 3 |  4- 6 |  7- 9 | 10-12 || total
-------------------------+-------+-------+-------+-------++-------
Melee: Dagger            |    30 |    27 |    66 |       ||   123
       Punch             |     1 |       |     1 |       ||     2
       Falchion          |       |       |     5 |    24 ||    29
Throw: Javelin           |       |       |     4 |       ||     4
 Cast: Magic Dart        |    63 |    30 |   127 |    60 ||   280
       Slow              |     7 |     3 |     5 |     8 ||    23
       Kiss of Death     |     1 |       |     1 |       ||     2
       Call Imp          |       |     6 |    11 |     4 ||    21
       Blink             |       |     3 |       |       ||     3
       Mephitic Cloud    |       |     2 |     2 |     2 ||     6
       Searing Ray       |       |    15 |    15 |     5 ||    35
       Inner Flame       |       |       |    32 |    37 ||    69
       Iskenderun's Myst |       |       |     3 |     2 ||     5
  Use: Scroll            |       |     1 |     5 |    10 ||    16
 Stab: Sleeping          |       |     5 |     1 |     1 ||     7
Armor: Robe              |     9 |    23 |    66 |    23 ||   121
Dodge: Dodged            |    23 |    54 |    87 |    61 ||   225

Table legend: (Time is in decaauts)
 A = Elapsed time spent in this place.
 B = Non-inter-level travel time spent in this place.
 C = Inter-level travel time spent in this place.
 D = Time resting spent in this place.
 E = Time spent auto-exploring this place.
 F = Levels seen in this place.
 G = Mean time per level.
                   A        B        C        D        E       F      G
               +--------+--------+--------+--------+--------+-----+--------+
         Total |  11768 |  11105 |    663 |    359 |   9031 |  11 | 1069.8 |
       Dungeon |  10705 |  10061 |    644 |    359 |   8171 |   9 | 1189.4 |
        Temple |    812 |    793 |     19 |      0 |    685 |   1 |  812.0 |
       Ossuary |    251 |    251 |      0 |      0 |    175 |   1 |  251.0 |
               +--------+--------+--------+--------+--------+-----+--------+

Top non-repeatable levels by time:
     D:4: 2160 daAuts
     D:2: 1857 daAuts
     D:7: 1409 daAuts
     D:5: 1306 daAuts
     D:3: 1095 daAuts
     D:6: 1001 daAuts
     D:8: 952 daAuts
     D:1: 883 daAuts
  Temple: 812 daAuts
 Ossuary: 251 daAuts
     D:9: 38 daAuts
